 Dungeon Crawl Stone Soup version 0.24.0-125-gc4c63601f3 (webtiles) character file.

Game seed: 10287127792970975645, levelgen mode: deterministic

10222 Yanek the Cleaver (level 11, -4/148 HPs)
             Began as a Minotaur Berserker on Mar 9, 2020.
             Was a High Priest of Trog.
             Succumbed to Sonja's poison
             ... on level 10 of the Dungeon on Mar 10, 2020.
             The game lasted 01:08:37 (9728 turns).

Yanek the Cleaver (Minotaur Berserker)              Turns: 9728, Time: 01:08:38

Health: -4/148     AC: 20    Str: 29    XL:     11   Next: 33%
Magic:  11/11      EV:  9    Int:  4    God:    Trog [*****.]
Gold:   833        SH:  9    Dex: 11    Spells: 10/10 levels left

rFire    . . .     SeeInvis .   i - +3 hand axe
rCold    + + .     Gourm    .   C - +0 shield
rNeg     . . .     Faith    .   w - +1 ring mail of the Shining Light {*Corrode rElec rF- rC+++}
rPois    .         Spirit   .   (helmet restricted)
rElec    +         Reflect  .   e - +2 cloak
rCorr    .         Harm     .   n - +1 pair of gloves
MR       .....                  (no boots)
Stlth    ..........             (no amulet)
HPRegen  0.34/turn              k - ring of fire
MPRegen  0.12/turn              d - +3 ring of protection

@: berserking, lethally poisoned (-4 -> -117), slowed
A: retaliatory headbutt, horns 2, rugged brown scales 1, slimy green scales 1,
wild magic 1, evolution 1
a: Berserk, Trog's Hand, Brothers in Arms, Renounce Religion


You were on level 10 of the Dungeon.
You worshipped Trog.
Trog was extremely pleased with you.
You were hungry.

You visited 2 branches of the dungeon, and saw 11 of its levels.
You also visited: Bailey.

You collected 833 gold pieces.

Inventory:

Hand Weapons
 a - a +1 hand axe
 h - a +0 falchion of slicing
 i - a +3 hand axe (weapon)
 s - a +2 flail
 v - a +2 mace of protection
Missiles
 B - 6 atropa-tipped darts (quivered)
Armour
 e - a +2 cloak (worn)
 l - a +0 chain mail
 n - a +1 pair of gloves (worn)
 w - the +1 ring mail of the Shining Light (worn) {*Corrode rElec rF- rC+++}
   (You found it on level 7 of the Dungeon)

   It makes you vulnerable to fire.
   It renders you almost immune to cold.
   It insulates you from electricity.
   It may corrode you when you take damage.
 C - a +0 shield (worn)
Jewellery
 d - a +3 ring of protection (right hand)
 k - a ring of fire (left hand)
 t - an uncursed ring of ice
 u - an uncursed ring of stealth
Wands
 r - a wand of digging (6)
 x - a wand of iceblast (2)
 y - a wand of random effects (16)
 z - a wand of acid (1)
Scrolls
 g - 5 scrolls of teleportation
 j - a scroll of noise
 m - 5 scrolls of remove curse
 o - 3 scrolls of identify
 p - 2 scrolls of magic mapping
 A - a scroll of enchant armour
Potions
 b - a potion of curing
 f - 2 potions of cancellation
 q - a potion of might
Comestibles
 c - 9 rations
 D - 5 chunks of flesh


   Skills:
 + Level 9.2 Fighting
 + Level 14.9(15.4) Axes
 - Level 6.5(11.8) Maces & Flails
 - Level 0.3 Throwing
 + Level 10.1 Armour
 - Level 2.2 Dodging
 + Level 1.2 Shields
 - Level 2.1 Evocations


You had 10 spell levels left.
You didn't know any spells.
Your spell library was empty.

Dungeon Overview and Level Annotations

Branches:
Dungeon (10/15)            Temple (1/1) D:4          Bailey (visited)
   Lair: D:8-11         Orc: D:9-12

Altars:
Ashenzari
Cheibriados
Dithmenos
Elyvilon
Fedhas
Gozag
Hepliaklqana
Kikubaaqudgha
Makhleb
Nemelex Xobeh
Okawaru
Qazlal
Ru
Sif Muna
Trog
Uskayaw
Vehumet
Wu Jian
Xom
Yredelemnul
Zin
The Shining One

Shops:
D:7 !

Annotations:
D:7 1 exclusion
D:10 Sonja


Innate Abilities, Weirdness & Mutations

You reflexively headbutt those who attack you in melee.
You have a pair of horns on your head.
You are partially covered in rugged brown scales. (AC +1, +3% HP)
You are partially covered in slimy green scales. (AC +2)
Your spells are a little harder to cast, but a little more powerful.
You evolve.


Message History

You are more poisoned.
You block the gnoll's attack.
You hit Sonja. Your headbutt misses Sonja.
Sonja is lightly wounded.
* * * LOW HITPOINT WARNING * * *
You feel extremely sick. You block Sonja's attack. x3
The gnoll hits you from afar with a +0 halberd!
* * * LOW HITPOINT WARNING * * *
You miss Sonja. Your headbutt misses Sonja.
Sonja is lightly wounded.
* * * LOW HITPOINT WARNING * * *
You feel very sick. You block Sonja's attack.
Sonja hits you but does no damage.
You are more poisoned.
You block Sonja's attack.
You are too berserk!
You completely miss Sonja.
Sonja is lightly wounded.
You die...

###### ##.##.# ### ##
###...#.#### ##.## #.##
##?.........###...##...#
#........#.............#
#..(((K@......).<...##
#........g##.(...........#
#...........###..........#
...#...........#.......#.##
......................####
.^....###..............#
.....# ##...............
..(.ยง ##..............
............


You could see Sonja and a gnoll.

Vanquished Creatures
  A two-headed ogre (D:9)
  7 orc knights (Bailey)
  2 trolls
  Prince Ribbit (D:8)
  A hippogriff (D:7)
  A basilisk (D:8)
  A hungry ghost (D:7)
  Duvessa (D:7)
  A water moccasin (D:7)
  11 orc warriors
  2 ice beasts (D:7)
  2 sky beasts
  2 necrophages
  2 phantoms
  6 ogres
  3 centaurs
  2 big kobolds
  6 bullfrogs
  Dowan (D:7)
  3 scorpions (D:6)
  6 wights
  5 killer bees (D:7)
  A howler monkey (D:9)
  3 crimson imps
  2 jellies (D:6)
  A quasit (D:6)
  3 gnoll shamans
  5 orc priests
  A centaur skeleton (D:8)
  6 hounds
  8 orc wizards
  2 bullfrog skeletons
  Jessica (D:4)
  5 iguanas
  4 worker ants
  2 killer bee zombies
  2 hound skeletons
  A worker ant zombie (D:7)
  10 adders
  9 gnolls
  2 shadow imps
  An ooze (D:4)
  An adder skeleton (D:5)
  2 adder zombies
  A worm (D:2)
  2 dart slugs (D:1)
  5 leopard geckos
  30 orcs
  2 ball pythons
  A giant cockroach (D:3)
  11 goblins
  9 hobgoblins
  8 jackals
  7 kobolds
  4 quokkas
  7 bats
  7 frilled lizards
  2 quokka skeletons
  A quokka zombie (D:5)
  A rat (D:1)
237 creatures vanquished.

Notes
Turn   | Place    | Note
-------+----------+-------------------------------------------
     0 | D:1      | Yanek the Minotaur Berserker began the quest for the Orb.
     0 | D:1      | Reached XP level 1. HP: 19/19 MP: 0/0
   284 | D:1      | Reached skill level 4 in Axes
   284 | D:1      | Reached XP level 2. HP: 27/27 MP: 1/1
   768 | D:1      | Reached XP level 3. HP: 32/33 MP: 2/2
   861 | D:1      | You fall into a shaft and drop 1 floor!
  1147 | D:2      | Found a sparkling altar of Nemelex Xobeh.
  1150 | D:2      | Found a bloodstained altar of Trog.
  1153 | D:2      | Found a white marble altar of Elyvilon.
  1153 | D:2      | Found an iron altar of Okawaru.
  1163 | D:2      | Found a hazy altar of Hepliaklqana.
  1164 | D:2      | Found a shattered altar of Ashenzari.
  1577 | D:2      | Reached skill level 5 in Axes
  1912 | D:3      | Reached XP level 4. HP: 27/40 MP: 3/3
  1926 | D:3      | Reached skill level 6 in Axes
  1949 | D:3      | Reached ** piety under Trog
  2298 | D:3      | Reached XP level 5. HP: 29/46 MP: 4/4
  2620 | D:3      | Found a radiant altar of Vehumet.
  2715 | D:4      | Found a staircase to the Ecumenical Temple.
  2865 | D:4      | Reached skill level 7 in Axes
  2939 | D:4      | Noticed Jessica
  3195 | D:4      | Reached XP level 6. HP: 50/52 MP: 5/5
  3497 | D:4      | Killed Jessica
  3522 | Temple   | Entered the Ecumenical Temple
  3793 | D:4      | Found a shimmering blue altar of Sif Muna.
  3846 | D:5      | Entered Level 5 of the Dungeon
  4036 | D:5      | Reached skill level 8 in Axes
  4316 | D:5      | Reached skill level 5 in Armour
  4550 | D:5      | Noticed an orc warrior
  4578 | D:5      | Reached *** piety under Trog
  4578 | D:5      | Reached XP level 7. HP: 58/58 MP: 6/6
  4880 | D:5      | Reached skill level 9 in Axes
  5143 | D:6      | Reached skill level 10 in Axes
  5143 | D:6      | Reached XP level 8. HP: 65/66 MP: 7/7
  5824 | D:7      | Reached skill level 11 in Axes
  5967 | D:7      | Noticed a hippogriff
  5978 | D:7      | Reached skill level 5 in Fighting
  6010 | D:7      | Killed a hippogriff
  6010 | D:7      | Reached XP level 9. HP: 48/74 MP: 8/8
  6077 | D:7      | Got a bronze ring mail
  6088 | D:7      | Identified the +1 ring mail of the Shining Light {*Corrode
                  | rElec rF- rC+++} (You found it on level 7 of the Dungeon)
  6091 | D:7      | Noticed Duvessa
  6092 | D:7      | Noticed Dowan
  6107 | D:7      | Killed Duvessa
  6107 | D:7      | Reached skill level 12 in Axes
  6112 | D:7      | Killed Dowan
  6112 | D:7      | Reached **** piety under Trog
  6465 | D:7      | Found Beer Zus's Distillery.
  6947 | D:7      | Gained mutation: You evolve. [potion of mutation]
  6947 | D:7      | Gained mutation: You are partially covered in rugged brown
                  | scales. (AC +1, +3% HP) [potion of mutation]
  6947 | D:7      | Gained mutation: Your spells are a little harder to cast,
                  | but a little more powerful. [potion of mutation]
  6947 | D:7      | Gained mutation: You are partially covered in slimy green
                  | scales. (AC +2) [potion of mutation]
  7000 | D:8      | Noticed Prince Ribbit
  7029 | D:8      | Reached skill level 13 in Axes
  7033 | D:8      | Killed Prince Ribbit
  7395 | D:8      | Reached XP level 10. HP: 67/88 MP: 9/9
  7578 | D:8      | Reached ***** piety under Trog
  8143 | D:9      | Reached skill level 14 in Axes
  8143 | D:9      | Reached skill level 1 in Maces & Flails
  8152 | D:9      | Found a flagged portal.
  8158 | Bailey   | Entered a bailey
  8158 | Bailey   | Noticed an orc knight
  8158 | Bailey   | Noticed an orc knight
  8159 | Bailey   | Noticed an orc knight
  8164 | Bailey   | Noticed an orc knight
  8164 | Bailey   | Noticed an orc knight
  8235 | Bailey   | Killed an orc knight
  8240 | Bailey   | Killed an orc knight
  8242 | Bailey   | Noticed an orc knight
  8268 | Bailey   | Killed an orc knight
  8268 | Bailey   | Reached skill level 1 in Evocations
  8276 | Bailey   | HP: 1/90 [orc/+0 halberd (5)]
  8626 | Bailey   | Killed an orc knight
  8642 | Bailey   | Reached skill level 5 in Maces & Flails
  8660 | Bailey   | Killed an orc knight
  8662 | Bailey   | Killed an orc knight
  8662 | Bailey   | Reached XP level 11. HP: 97/97 MP: 11/11
  8670 | Bailey   | Noticed an orc knight
  8699 | Bailey   | Killed an orc knight
  9140 | D:9      | Found a glowing silver altar of Zin.
  9228 | D:9      | Noticed a two-headed ogre
  9235 | D:9      | Killed a two-headed ogre
  9553 | D:9      | Reached skill level 10 in Armour
  9629 | D:10     | Entered Level 10 of the Dungeon
  9701 | D:10     | Reached skill level 1 in Shields
  9703 | D:10     | Noticed Sonja
  9726 | D:10     | HP: 7/148 [gnoll/+0 halberd (12)]
  9727 | D:10     | HP: 1/148 [poisoned by Sonja]
  9728 | D:10     | Succumbed to Sonja's poison

Levels and vault maps discovered:
D:1:      minmay_arrival_glassed_features, layout_basic, nrook_uturn
D:2:      layout_basic, minmay_overflow_temple_hex
D:3:      layout_rooms, vehumet_crystals, first_ration
D:4:      layout_loops_ring, tgw_sif, minmay_temple_entry_sparse_star
D:5:      minmay_opposing_rooms, layout_cave_pods, serial_park
D:6:      layout_rooms
D:7:      layout_loops_corners, serial_shops, nicolae_shop_trees, st_stairs_11,
          minmay_circle_x, uniq_duvessa
D:8:      layout_basic, uniq_prince_ribbit1
D:9:      layout_roguey, nicolae_overflow_crystal_walls, enter_bailey_3
D:10:     layout_cave_pools, grunt_lair_entry_orc_guard_hut, serial_shops, shop,
          serial_gnoll_camp, gnoll_camp_mini_loothouse, grums_kennel,
          gnoll_camp_medium_02, gnoll_camp_mini_doghouse, blue_anna_alchemist
          [blue_anna_fruit_fields, blue_anna_fruit_fields], uniq_sonja
Temple:   nicolae_temple_figure_eight

Skill      XL: |  1  2  3  4  5  6  7  8  9 10 11 |
---------------+----------------------------------+-----
Axes           | 4 5 6 7 8 10 11 13 14 | 14.9
Armour         | 3 5 7 8 9 10 | 10.1
Fighting       | 5 7 8 9 |  9.2
Maces & Flails | 5 6 |  6.5
Evocations     | 1 2 |  2.1
Shields        | 1 |  1.2
Throwing       | |  0.3
Dodging        | |  2.2

Action                   |  1- 3 |  4- 6 |  7- 9 | 10-12 || total
-------------------------+-------+-------+-------+-------++-------
Melee: Hand axe          |    70 |   139 |   347 |   174 ||   730
       Headbutt          |     8 |    21 |    78 |    60 ||   167
       Mace              |       |       |       |   137 ||   137
Throw: Dart              |       |     2 |    12 |    68 ||    82
Invok: Berserk           |       |       |     3 |     3 ||     6
       Trog's Hand       |       |       |     1 |       ||     1
Evoke: Wand              |       |       |       |    16 ||    16
  Use: Scroll            |     4 |     5 |     5 |     1 ||    15
       Potion            |     2 |     5 |     3 |     3 ||    13
 Stab: Sleeping          |     1 |       |       |       ||     1
  Eat: Chunk             |     3 |     7 |     4 |     7 ||    21
       Ration            |       |     1 |     2 |     1 ||     4
Armor: Animal skin       |     8 |       |       |       ||     8
       Scale mail        |    15 |    56 |     1 |       ||    72
       Chain mail        |       |       |   102 |       ||   102
       Ring mail         |       |       |    60 |   116 ||   176
Dodge: Dodged            |    35 |    70 |   139 |   132 ||   376
Block: Shield            |       |       |       |    29 ||    29
